 Dungeon Crawl Stone Soup version 0.30.1-6-gbe392663c4 (webtiles) character file.

Game seed: 11066317126590320754

61 Ivernyr the Shield-Bearer (level 4, 37/37 HPs)
             Began as a Formicid Fighter on Sept 20, 2023.
             Got out of the dungeon alive.
             The game lasted 00:02:02 (999 turns).

Ivernyr the Shield-Bearer (Formicid Fighter)         Turns: 999, Time: 00:02:02

Health: 37/37      AC:  8    Str: 22    XL:     4   Next: 27%
Magic:  4/4        EV: 10    Int:  8    God:
Gold:   34         SH:  5    Dex: 13    Spells: 3/3 levels left

rFire   . . .        a - +0 quarterstaff
rCold   . . .        c - +0 buckler
rNeg    . . .        b - +0 scale mail
rPois   .            (helmet unavailable)
rElec   .            (no cloak)
rCorr   .            (no gloves)
SInv    +            e - +0 pair of boots
Will    .....        (no amulet) Stlth
                     (no ring)
HPRegen 0.26/turn    (no ring)
MPRegen 0.09/turn

%: no passive effects
@: no status effects
A: permanent stasis, dig shafts and tunnels, antennae 3, four strong arms
a: Dig, Shaft Self


You escaped.
You visited 1 branch of the dungeon, and saw 2 of its levels.

You collected 34 gold pieces.

Inventory:

Hand Weapons
 a - a +0 quarterstaff (weapon)
Armour
 b - a +0 scale mail (worn)
 c - a +0 buckler (worn)
 e - a +0 pair of boots (worn)
Scrolls
 g - a scroll of amnesia {unknown}
 h - a scroll of fog {unknown}
 j - a scroll of poison {unknown}
Potions
 d - a potion of might
 f - a potion of magic {unknown}
 i - a potion of curing {unknown}
 k - a potion of heal wounds {unknown}


   Skills:
 + Level 3.7 Fighting
 * Level 3.1 Staves
 + Level 3.7 Armour
 + Level 1.1 Dodging
 - Level 4.0 Shields


You had 3 spell levels left.
You didn't know any spells.
Your spell library was empty.

Dungeon Overview and Level Annotations

Branches:
Dungeon (2/15)

Altars:

Shops:
D:1 :


Innate Abilities, Weirdness & Mutations

You cannot be hasted, slowed, berserked, paralysed or teleported.
You can dig through walls and to a lower floor.
You have a pair of large antennae on your head. (SInv)
Your four strong arms can wield two-handed weapons with a shield.


Message History

You kill the kobold!
The dart slug launches a dart at you. The slug dart hits you.
The dart slug launches a dart at you. The slug dart hits you.
You see here a +0 short sword.
You sock the dart slug!
You kill the dart slug!
The dart slug launches a dart at you.
The slug dart hits you but does no damage.
You hit the dart slug.
The dart slug is moderately wounded.
The dart slug bites you.
You sock the dart slug!
You kill the dart slug!
You see here a dart slug corpse.
HP restored.
You now have 27 gold pieces (gained 1).
You now have 34 gold pieces (gained 7).
Found a stone staircase leading down.
A hobgoblin comes into view.
A hobgoblin is nearby!
A hobgoblin is nearby!
There is a stone staircase leading up here.
You climb upwards.
There is a stone staircase leading down here.
(D) Dungeon
Where to? (Enter - D:2, ? - help)
What level of the Dungeon? (default 1, ? - help)
There is an open door here.
You open the door.
There is an open door here.
You see here a +0 dagger.
You open the door.
There is an open door here.
There is a staircase leading out of the dungeon here.
Are you sure you want to leave the Dungeon?
This will make you lose the game!
Alright, then stay!
Are you sure you want to leave the Dungeon?
This will make you lose the game!
You have escaped!

# ######..###.########.# #.. #
#..........(.........# #.. #
#..###############...# #.. #
##'##.............##'## #.. #
###..........⌠..........#####. #
##...⌠.................⌠...###.
###........⌠.........⌠........##.
##.............................#.
##...⌠..........@..........⌠...#.
##.............................#.
###........⌠.........⌠........##.
####...⌠.................⌠...###.
...###..........⌠..........###...
##.#######.............#######.#.
.........###############.........
......#.......### #........###.##
##.##.##........###.#..#...#.#'##


There were no monsters in sight!

Vanquished Creatures
  Natasha (D:2)
  4 dart slugs
  4 bats (D:1)
  2 endoplasms (D:1)
  A giant cockroach (D:1)
  2 hobgoblins (D:1)
  3 kobolds
  A quokka (D:1)
  A ball python (D:1)
  A frilled lizard (D:1)
  4 goblins (D:1)
  2 rats (D:1)
26 creatures vanquished.

Notes
Turn   | Place    | Note
-------+----------+-------------------------------------------
     0 | D:1      | Ivernyr the Formicid Fighter began the quest for the Orb.
     0 | D:1      | Reached XP level 1. HP: 18/18 MP: 1/1
   111 | D:1      | Reached XP level 2. HP: 24/24 MP: 2/2
   454 | D:1      | Reached XP level 3. HP: 29/29 MP: 3/3
   761 | D:1      | Found Ycirgh's Book Emporium.
   888 | D:2      | Noticed Natasha
   895 | D:2      | Killed Natasha
   896 | D:2      | Reached skill level 1 in Dodging
   896 | D:2      | Reached XP level 4. HP: 35/37 MP: 4/4
   999 | D:$      | Got out of the dungeon alive.

Illustrated notes

Levels and vault maps discovered:
D:1:      dpeg_arrival_water_temple_mockup, layout_basic, serial_shops,
          nicolae_shop_tiny_glass
D:2:      layout_loops_cross, basic_altar, minmay_misc_feat_chi, uniq_natasha

Skill      XL: |  1  2  3 |
---------------+----------+-----
Staves         | 3 |  3.1
Dodging        | 1 |  1.1
Fighting       | |  3.7
Armour         | |  3.7
Shields        | |  4.0

Action                     |  1- 3 |  4- 6 || total
---------------------------+-------+-------++-------
  Melee: Quarterstaff      |    57 |     4 ||    61
 Armour: Scale mail        |    40 |     3 ||    43
  Dodge: Dodged            |    33 |       ||    33
  Block: Buckler           |    13 |       ||    13
